 Dungeon Crawl Stone Soup version 0.26.1-11-gd32895ea62 (webtiles) character file.

Game seed: 5250925992384039579

5238 unlimited1921 the Magician (level 10, 0/86 HPs)
             Began as a Red Draconian Conjurer on July 14, 2021.
             Was an Initiate of Gozag.
             Slain by a killer bee (4 damage)
             ... on level 7 of the Dungeon on July 16, 2021.
             The game lasted 03:56:36 (17675 turns).

unlimited1921 the Magician (DrCj)                  Turns: 17675, Time: 03:56:36

Health: 0/86       AC: 10    Str: 12    XL:     10   Next: 35%
Magic:  21/21      EV: 15    Int: 19    God:    Gozag
Gold:   126        SH:  0    Dex: 19    Spells: 11/24 levels left

rFire    + + .     SeeInvis .   M - +7 hand axe of False Hope {flame, *Corrode +Rage Dex+9}
rCold    . . .     Faith    .   (no shield)
rNeg     . . .     Spirit   .   (armour unavailable)
rPois    .         Reflect  .   (helmet restricted)
rElec    .         Harm     .   b - +2 cloak
rCorr    .         Rampage  .   (no gloves)
Will     .....                  (no boots)
Stlth    +++.......             L - amulet of the acrobat
HPRegen  0.24/turn              f - ring of fire
MPRegen  0.17/turn              h - ring of protection from cold

@: lethally poisoned (0 -> -18), gold aura, slowed, very slow
A: breathe fire, unfitting armour, fire resistance 1, cold-blooded, AC +7
a: Breathe Fire, Renounce Religion, Evoke Berserk Rage, Potion Petition, Call
Merchant, Bribe Branch


You were on level 7 of the Dungeon.
You worshipped Gozag.
Gozag was aware of your devotion.
You visited 3 branches of the dungeon, and saw 11 of its levels.

You collected 1223 gold pieces.
You spent 453 gold pieces at shops.
You paid 644 gold pieces to Gozag.

Inventory:

Hand Weapons
 k - a +0 trident of venom
 q - a +0 hand crossbow of flaming
 E - a +0 trident of protection
 K - a +3 war axe
 M - the +7 hand axe of False Hope (weapon) {flame, *Corrode +Rage Dex+9}
   (You found it on level 5 of the Dungeon)

   It has been specially enchanted to burn those struck by it, causing extra
   injury to most foes and up to half again as much damage against particularly
   susceptible opponents.
   Big, fiery blades are also staple armaments of hydra-hunters.
   It affects your dexterity (+9).
   It lets you go berserk.
   It may corrode you when you take damage.
 W - a +5 spear of freezing
Missiles
 g - 75 bolts
 s - 8 curare-tipped darts
 t - 22 poisoned darts
Armour
 b - a +2 cloak (worn)
 z - a +0 buckler
Jewellery
 f - a ring of fire (left hand)
 h - a ring of protection from cold (right hand)
 u - an uncursed amulet of regeneration
 G - an uncursed amulet of reflection
 L - an amulet of the acrobat (around neck)
Wands
 C - a wand of iceblast (9)
 F - a wand of paralysis (4) (quivered)
 N - a wand of enslavement (4)
 Q - a wand of disintegration (6)
Scrolls
 a - 3 scrolls of teleportation
 o - 8 scrolls of remove curse
 v - 2 scrolls of immolation
 x - a scroll of fog {unknown}
 B - a scroll of magic mapping
 J - a scroll of silence {unknown}
 P - 2 scrolls of identify
 T - a scroll of summoning {unknown}
 U - 4 scrolls of enchant weapon
 X - a scroll of acquirement {unknown}
Potions
 c - 2 potions of heal wounds
 d - 3 potions of curing
 e - a potion of resistance
 i - a potion of ambrosia {unknown}
 j - a potion of mutation {unknown}
 n - a potion of berserk rage
 w - a potion of cancellation
 A - a potion of magic {unknown}
 D - a potion of invisibility {unknown}
 H - a potion of haste {unknown}
 I - a potion of brilliance {unknown}
 O - a potion of attraction
 Y - a potion of flight
 Z - a potion of might {unknown}


   Skills:
 * Level 7.5 Fighting
 + Level 5.4(6.2) Axes
 - Level 1.1(3.5) Maces & Flails
 - Level 4.3(5.6) Polearms
 + Level 4.4 Dodging
 - Level 3.3 Stealth
 * Level 7.8 Spellcasting
 * Level 7.3 Conjurations
 - Level 0.1 Evocations


You had 11 spell levels left.
You knew the following spells:

 Your Spells              Type           Power        Failure   Level
a - Magic Dart            Conj           100%         1%          1
b - Dazzling Flash        Conj/Hex       42%          6%          3
c - Searing Ray           Conj           70%          1%          2
d - Blink                 Tloc           N/A          14%         2
e - Slow                  Hex            7%           14%         2
f - Mephitic Cloud        Conj/Pois/Air  16%          10%         3

Your spell library contained the following spells:

 Spells                   Type           Power        Failure   Level
 Conjure Flame            Conj/Fire      32%          6%          3
 Call Imp                 Summ           7%           14%         2
 Fulminant Prism          Conj/Hex       10%          21%         4
 Iskenderun's Mystic Bla  Conj/Tloc      21%          21%         4


Dungeon Overview and Level Annotations

Branches:
Dungeon (9/15)             Temple (1/1) D:7            Lair (1/6) D:9
    Orc (0/2) D:9

Altars:
Ashenzari
Cheibriados
Dithmenos
Elyvilon
Fedhas
Gozag
Hepliaklqana
Kikubaaqudgha
Makhleb
Nemelex Xobeh
Okawaru
Qazlal
Ru
Sif Muna
Trog
Uskayaw
Vehumet
Wu Jian
Xom
Yredelemnul
Zin
The Shining One
Beogh

Shops:
D:9 *

Portals:
Volcano: Lair:1

Annotations:
D:7 1 transporter, SSird's ghost, novice DsGl
D:9 2 transporters, Ekaitz's ghost, novice DrTm


Innate Abilities, Weirdness & Mutations

You can breathe blasts of fire.
Your fiery red scales are hard. (AC +7)
You cannot fit into any form of body armour.
Your flesh is heat resistant. (rF+)
You are cold-blooded and may be slowed by cold attacks.


Message History

* * * LOW HITPOINT WARNING * * *
You feel sick.
The killer bee stings you but does no damage. x4
The hornet stings you.
* * * LOW HITPOINT WARNING * * *
You feel yourself slow down. SSird's ghost barely misses you.
You can move again.
You feel much better.
You feel very sick.
The killer bee is no longer distracted by gold.
The killer bee stings you.
* * * LOW HITPOINT WARNING * * *
The killer bee closely misses you. The hornet barely misses you.
The killer bee misses you. The killer bee closely misses you.
The hornet stings you!
* * * LOW HITPOINT WARNING * * *
You shrug off the repeated paralysis!
The killer bee closely misses you. The killer bee stings you.
You die...
Your body crumbles into a pile of gold.

#####.......##..#########.....#
#.......##.###.###.###..###
#.......##.##).!#...##..#
#.......##.##.#.#.#.##..#
#.......##.##...#...##..#
#.......##.#.#.#.#.#)#..#
#..........#y.#...#.y#..#
#.........©#yy#.#.#.y#©.#
########...#@W#...#.(#.##
##..#y#.#.#.#(#.#
#..##..y#...##.#
#..####.#?#.##.#
#..##...#...##.#
#..###.###.###.#
#...#########..#
#....###.###..##
##...........##


You could see a hornet, 4 killer bees and SSird's ghost.

Vanquished Creatures
  An ugly thing (D:8)
  Menkaure (D:6)
  4 ice beasts
  3 sky beasts
  A black bear (Lair:1)
  6 orc warriors
  9 ogres
  2 phantoms
  4 centaurs
  2 big kobolds
  Blork the orc (D:6)
  5 bullfrogs
  A scorpion (D:4)
  5 killer bees
  3 wights (D:8)
  A howler monkey (D:6)
  3 hounds
  2 bullfrog skeletons
  A centaur skeleton (D:4)
  5 orc priests
  A jelly (D:6)
  6 orc wizards
  Jessica (D:3)
  2 iguanas
  8 worker ants
  A hound zombie (D:8)
  A worker ant zombie (D:7)
  3 howler monkey zombies
  4 gnolls (D:9)
  10 adders
  A howler monkey skeleton (D:9)
  A shadow imp (D:9)
  2 white imps
  4 ufetubi
  4 worms
  3 dart slugs
  4 leopard geckos
  26 orcs
  6 giant cockroaches
  7 goblins
  9 hobgoblins
  9 jackals
  13 kobolds
  5 quokkas
  2 ball pythons
  7 bats
  6 frilled lizards
  A leopard gecko skeleton (D:7)
  A leopard gecko zombie (D:5)
  5 rats
213 creatures vanquished.

Vanquished Creatures (collateral kills)
  An orc wizard (D:9)
1 creature vanquished.

Vanquished Creatures (others)
  An orc warrior (D:6)
  An ogre (D:8)
  3 bullfrogs (D:6)
  A scorpion (D:6)
  An orc priest (D:6)
  An iguana (D:6)
  A hound skeleton (D:5)
  A quokka (D:6)
  A fungus (Lair:1)
  7 withered plants (D:7)
18 creatures vanquished.

Grand Total: 232 creatures vanquished

Notes
Turn   | Place    | Note
-------+----------+-------------------------------------------
     0 | D:1      | unlimited1921 the Draconian Conjurer began the quest for
                  | the Orb.
     0 | D:1      | Reached XP level 1. HP: 14/14 MP: 3/3
   144 | D:1      | Noticed a black bear
   144 | D:1      | Noticed a water moccasin
   144 | D:1      | Noticed a killer bee
   145 | D:1      | Noticed a wyvern
   145 | D:1      | Noticed an iguana
   594 | D:1      | Reached skill level 1 in Fighting
   594 | D:1      | Reached XP level 2. HP: 23/23 MP: 0/5
  1736 | D:1      | Reached XP level 3. HP: 23/28 MP: 1/6
  3459 | D:2      | Reached XP level 4. HP: 36/36 MP: 5/8
  3882 | D:2      | Found a glowing golden altar of the Shining One.
  4121 | D:3      | Reached skill level 1 in Maces & Flails
  4480 | D:3      | Learned a level 3 spell: Dazzling Flash
  4714 | D:3      | Reached XP level 5. HP: 42/42 MP: 3/9
  4806 | D:3      | Found a faded altar of an unknown god.
  4982 | D:3      | Noticed an ogre
  4996 | D:3      | Killed an ogre
  5492 | D:3      | Noticed Jessica
  5494 | D:3      | Killed Jessica
  5495 | D:3      | Reached skill level 1 in Polearms
  5695 | D:4      | Reached XP level 6. HP: 46/50 MP: 7/11
  6159 | D:4      | Learned a level 2 spell: Searing Ray
  6249 | D:4      | Found a radiant altar of Vehumet.
  6728 | D:4      | Your scales start taking on a fiery red colour.
  6728 | D:4      | Reached XP level 7. HP: 56/57 MP: 5/13
  6728 | D:4      | Gained mutation: Your flesh is heat resistant. (rF+) [Red
                  | Draconian growth]
  7125 | D:5      | Entered Level 5 of the Dungeon
  7757 | D:5      | Reached skill level 5 in Spellcasting
  8206 | D:5      | Found a sacrificial altar of Ru.
  8345 | D:5      | Found a blossoming altar of Fedhas.
  8776 | D:5      | Got a shimmering hand axe
  8777 | D:5      | Identified the +7 hand axe of False Hope {flame, *Corrode
                  | +Rage Dex+9} (You found it on level 5 of the Dungeon)
  8850 | D:6      | Reached XP level 8. HP: 66/66 MP: 10/15
  9029 | D:6      | Found a shimmering altar of Xom.
  9042 | D:6      | Reached skill level 5 in Conjurations
  9129 | D:6      | Reached skill level 1 in Axes
  9129 | D:6      | Noticed Blork the orc
  9136 | D:6      | Killed Blork the orc
  9470 | D:6      | Found an iron altar of Okawaru.
  9540 | D:6      | Noticed Menkaure
  9560 | D:6      | Killed Menkaure
 10009 | D:6      | Found a stormy altar of Qazlal.
 10180 | D:4      | Became a worshipper of Vehumet
 10417 | D:5      | Learned a level 2 spell: Blink
 10420 | D:5      | Learned a level 2 spell: Slow
 10424 | D:5      | Learned a level 3 spell: Mephitic Cloud
 11727 | D:7      | Found an ancient bone altar of Kikubaaqudgha.
 12004 | D:7      | Reached XP level 9. HP: 73/73 MP: 18/18
 12068 | D:7      | Reached skill level 5 in Fighting
 12363 | D:7      | Found a staircase to the Ecumenical Temple.
 12562 | Temple   | Entered the Ecumenical Temple
 12789 | Temple   | Fell from the grace of Vehumet
 12789 | Temple   | Became a worshipper of Gozag Ym Sagoz the Greedy
 12972 | D:7      | Found a transporter.
 13090 | D:7      | Noticed SSird's ghost (novice DsGl)
 13133 | D:7      | Found a transporter.
 14215 | D:8      | Noticed a green ugly thing
 14226 | D:8      | Killed a green ugly thing
 14629 | D:8      | Reached skill level 5 in Axes
 14706 | D:9      | Found a transporter.
 14716 | D:9      | Noticed a two-headed ogre
 14789 | D:9      | Noticed Ekaitz's ghost (novice DrTm)
 14849 | D:9      | Reached XP level 10. HP: 84/84 MP: 18/21
 15311 | D:9      | Found a transporter.
 16316 | D:9      | Bought a scroll of blinking for 172 gold pieces
 16316 | D:9      | Bought a sapphire potion for 20 gold pieces
 16316 | D:9      | Bought a metallic purple potion for 20 gold pieces
 16316 | D:9      | Bought a scroll labelled MYRASK UKKISE for 23 gold pieces
 16316 | D:9      | Bought a scroll of identify for 46 gold pieces
 16322 | D:9      | Bought a scroll of enchant weapon for 172 gold pieces
 16702 | D:9      | Found a staircase to the Lair.
 16707 | D:9      | Found a staircase to the Orcish Mines.
 16725 | D:9      | Found a burning altar of Makhleb.
 16781 | D:9      | Found a roughly hewn altar of Beogh.
 17110 | Lair:1   | Entered Level 1 of the Lair of Beasts
 17110 | Lair:1   | Noticed a seven-headed hydra
 17116 | Lair:1   | Found a dark tunnel.
 17116 | Lair:1   | Noticed a five-headed hydra
 17137 | Lair:1   | Noticed a cane toad
 17673 | D:7      | Paralysed by a hornet for 2 turns
 17675 | D:7      | HP: 4/86 [hornet (16)]
 17675 | D:7      | Slain by a killer bee

Illustrated notes

Levels and vault maps discovered:
D:1:      onia_arrival_zoo_common, layout_loops_ring
D:2:      layout_rooms, tso_altar, dk_noncrumbling_3
D:3:      layout_basic, chequers_ecumenical_altar_island, uniq_jessica
D:4:      layout_basic, kennysheep_mini_moat
D:5:      layout_basic, nicolae_ru_awakened_eye, kennysheep_little_box,
          minmay_pentangle
D:6:      layout_loops_ring, lemuel_coloured_pillars_altar,
          okawaru_metal_pillars_1_2, xom_confusion_cloud, uniq_blork_the_orc,
          uniq_menkaure
D:7:      layout_basic, kiku_gazebo_garden_becter, temple_statues,
          gammafunk_ghost_hive
D:8:      layout_rooms, serial_curves, eino_curves_02, eino_curves_03
D:9:      layout_irregular_city, lemuel_doored_altar, lair_entry_dummy,
          minmay_orc_entry_temple_small, nzn_ghost_randoct,
          minmay_misc_feat_hallway
Temple:   eino_narrow_crystal_temple
Lair:1:   layout_cave_pods, nicolae_volcano_entry_lava_flow

Skill      XL: |  1  2  3  4  5  6  7  8  9 10 |
---------------+-------------------------------+-----
Dodging        | 2 3 4 |  4.4
Fighting       | 1 2 3 4 6 7 |  7.5
Stealth        | 2 3 |  3.3
Spellcasting   | 3 4 5 6 7 |  7.8
Maces & Flails | 1 |  1.1
Polearms       | 1 2 4 |  4.3
Conjurations   | 5 6 7 |  7.3
Axes           | 2 5 |  5.4
Evocations     | |  0.1

Action                   |  1- 3 |  4- 6 |  7- 9 | 10-12 || total
-------------------------+-------+-------+-------+-------++-------
Melee: Whip              |    86 |    20 |       |       ||   106
       Unarmed           |     4 |       |       |       ||     4
       Tailslap          |     9 |     7 |    10 |     9 ||    35
       Trident           |       |    48 |    42 |       ||    90
       Short sword       |       |     1 |       |       ||     1
       Hand axe          |       |       |    81 |    57 ||   138
 Fire: Shortbow          |       |       |     5 |       ||     5
       Hunting sling     |       |       |     2 |       ||     2
       Hand crossbow     |       |       |    71 |    43 ||   114
 Cast: Magic Dart        |    76 |    98 |    67 |    33 ||   274
       Searing Ray       |       |     4 |    24 |     9 ||    37
       Dazzling Flash    |       |     1 |       |     1 ||     2
       Mephitic Cloud    |       |       |     6 |     6 ||    12
       Slow              |       |       |     2 |     2 ||     4
Invok: Call Merchant     |       |       |       |     1 ||     1
 Abil: Breathe Fire      |       |       |    30 |     6 ||    36
Evoke: Wand              |       |       |     5 |     2 ||     7
  Use: Scroll            |     2 |     3 |    17 |     8 ||    30
       Potion            |       |     2 |     6 |     2 ||    10
 Stab: Sleeping          |       |       |     2 |       ||     2
       Distracted        |       |       |     2 |       ||     2
       Confused          |       |       |       |     5 ||     5
       Paralysed         |       |       |       |     2 ||     2
Armor: Skin              |    41 |    19 |    55 |    40 ||   155
Dodge: Dodged            |    83 |    51 |   124 |   103 ||   361
Block: Other             |       |       |       |     1 ||     1
       Reflection        |       |       |       |     1 ||     1
